 Dungeon Crawl Stone Soup version 0.28.0-43-g3370ac3207 (webtiles) character file.

Game seed: 18292410144060589014

1499 pkoi the Zephyrmancer (level 8, -3/46 HPs)
             Began as an Octopode Air Elementalist on Mar 17, 2022.
             Slain by a manticore (6 damage)
             ... on level 6 of the Dungeon.
             The game lasted 00:09:32 (9266 turns).

pkoi the Zephyrmancer (Octopode Air Elementalist)   Turns: 9266, Time: 00:09:33

Health: -3/46      AC:  3    Str:  9    XL:     8   Next: 81%
Magic:  0/15       EV: 13    Int: 19    God:
Gold:   255        SH:  0    Dex: 15    Spells: 5/17 levels left

rFire   . . .      SeeInvis .   b - +4 whip
rCold   + . .      Faith    .   (no shield)
rNeg    + . .      Spirit   +   (helmet restricted)
rPois   .          Reflect  .   l - amulet of Boygiynn {Spirit rN+ Str+2}
rElec   .          Harm     .   j - ring of protection from cold
rCorr   .          Rampage  .   (no ring)
Will    .....                   (no ring)
Stlth   +++.......              (no ring)
HPRegen 0.15/turn               (no ring)
MPRegen 0.14/turn               (no ring)
                                (no ring)
                                (no ring)

@: no status effects
A: almost no armour, amphibious, 8 rings, camouflage 1, gelatinous body 1,
(nimble swimmer 1), tentacles, tentacle spike 1, iridescent scales 1, agile 1
a: no special abilities


You were on level 6 of the Dungeon.
You visited 1 branch of the dungeon, and saw 6 of its levels.

You collected 255 gold pieces.

Inventory:

Hand Weapons
 a - a +0 dagger
 b - a +4 whip (weapon)
Jewellery
 c - a ring of fire
 j - a ring of protection from cold (left tentacle)
 k - an amulet of the acrobat
 l - the amulet of Boygiynn (around mantle) {Spirit rN+ Str+2}
   (You found it on level 3 of the Dungeon)

   [amulet of guardian spirit]

   It causes incoming damage to be divided between your reserves of health and
   magic.
   Str:       It affects your strength (+2).
   rN:        It protects you from negative energy.
 m - a ring of willpower
 o - a ring of magical power
Wands
 h - a wand of iceblast (4)
 q - a wand of digging (5)
Scrolls
 e - 2 scrolls of enchant weapon
 f - 8 scrolls of identify
 i - 3 scrolls of vulnerability
 p - a scroll of holy word
Potions
 d - a potion of mutation


   Skills:
 - Level 2.0 Dodging
 - Level 2.6 Stealth
 + Level 5.0 Spellcasting
 + Level 3.6 Conjurations
 * Level 8.4 Air Magic
 + Level 4.1 Poison Magic


You had 5 spell levels left.
You knew the following spells:

 Your Spells              Type           Power      Damage    Failure   Level
a - Shock                 Conj/Air       100%       1d9       1%          1
b - Static Discharge      Conj/Air       27%        N/A       1%          2
c - Swiftness             Air            36%        N/A       1%          3
d - Airstrike             Air            18%        N/A       3%          4
e - Poisonous Vapours     Pois/Air       56%        N/A       1%          2

Your spell library contained the following spells:

 Spells                   Type           Power      Damage    Failure   Level
 Sting                    Tmut/Pois      48%        1d5       5%          1
 Slow                     Hex            16%        N/A       12%         1
 Olgreb's Toxic Radiance  Pois           20%        N/A       22%         4
 Confusing Touch          Hex            4%         N/A       36%         3
 Vampiric Draining        Necr           4%         2d6       36%         3


Dungeon Overview and Level Annotations

Branches:
Dungeon (6/15)
 Temple: D:4-7

Altars:
Cheibriados
Elyvilon
Kikubaaqudgha
Trog
Uskayaw


Innate Abilities, Weirdness & Mutations

You cannot wear most types of armour.
You are amphibious.
You can wear up to eight rings at the same time.
Your skin changes colour to match your surroundings (Stealth+).
Your rubbery body absorbs attacks. (AC +1, EV +1)
((You are camouflaged when in or above water. (Stealth+)))
You have tentacles for arms and can constrict up to eight enemies at once.
One of your tentacles bears a spike.
You are partially covered in iridescent scales. (AC +2)
You are agile. (Dex +2)


Message History

The barbed spikes become lodged in your body.
You are too injured to fight recklessly!
You are too injured to fight recklessly!
You are too injured to fight recklessly!
Aiming: Airstrike (dangerous; 3% risk of failure)
Press: ? - help, Q - select action, (/) - cycle Dir - move target, f/p - manticore
Aim: a manticore (lightly wounded, empty space bonus: 5/8)
The air twists around and strikes the manticore!
The manticore is heavily wounded.
A jelly comes into view.
Aiming: Airstrike (dangerous; 3% risk of failure)
Press: ? - help, Q - select action, (/) - cycle Dir - move target, f/p - manticore
Aim: a manticore (heavily wounded, empty space bonus: 5/8)
The air twists around and strikes the manticore!
The manticore is heavily wounded.
The manticore closely misses you. x3
You don't have enough magic to cast this spell.
You don't have enough magic to cast this spell.
You hit the manticore but do no damage.
The manticore is heavily wounded.
The manticore bites you!!
* * * LOW HITPOINT WARNING * * *
The manticore barely misses you.
The manticore claws you but does no damage.
Unknown command.
You hit the manticore. You squeeze the manticore!
The manticore is severely wounded.
You carefully extract the barbed spikes from your body.
The manticore bites you.
* * * LOW HITPOINT WARNING * * *
The manticore claws you.
* * * LOW HITPOINT WARNING * * *
The manticore barely misses you. x3; The manticore claws you!
* * * LOW HITPOINT WARNING * * *
You hit the manticore but do no damage.
You pierce the manticore, but do no damage.
The manticore is severely wounded.
The jelly barely misses you. The manticore closely misses you.
The manticore claws you.
You die...

#..( _.. .. #≈≈≈#
...# .. ...#.#≈≈≈≈#
... #.# ...#.#≈≈≈≈#
..##..# ≈..≈.#≈≈≈≈#
.....##
≈≈≈≈≈≈≈≈≈≈## .....
≈≈≈≈≈≈≈≈≈.≈#####JH#
≈≈≈≈≈≈≈≈≈≈.#..##@.#
≈≈.≈≈≈≈≈...'...#..#
≈.≈..≈.≈≈..#...'..#
####..#....########
...######.........
...# #.........
...# #.........
...# #.........
...# #.........


You could see a manticore and a jelly.

Vanquished Creatures
  Edmund (D:5)
  A water moccasin (D:5)
  3 ogres
  2 ice beasts
  A centaur (D:5)
  2 phantoms
  A scorpion (D:5)
  A wyvern zombie (D:6)
  A water moccasin zombie (D:5)
  A wyvern skeleton (D:3)
  A water moccasin skeleton (D:5)
  An orc priest (D:4)
  2 jellies (D:6)
  A centaur skeleton (D:5)
  An orc wizard (D:4)
  2 hound skeletons (D:4)
  6 adders
  3 adder skeletons (D:4)
  3 worms
  5 dart slugs
  13 orcs
  4 bats
  5 endoplasms
  2 giant cockroaches
  11 goblins
  8 hobgoblins
  7 jackals
  3 quokkas
  6 ball pythons
  7 frilled lizards
  7 kobolds
  6 rats
118 creatures vanquished.

Notes
Turn   | Place    | Note
-------+----------+-------------------------------------------
     0 | D:1      | pkoi the Octopode Air Elementalist began the quest for the
                  | Orb.
     0 | D:1      | Reached XP level 1. HP: 11/11 MP: 3/3
   473 | D:1      | Reached XP level 2. HP: 17/17 MP: 0/5
  1319 | D:1      | Reached skill level 4 in Air Magic
  1708 | D:1      | Reached XP level 3. HP: 21/21 MP: 3/6
  1740 | D:1      | Learned a level 2 spell: Static Discharge
  1744 | D:1      | Learned a level 3 spell: Swiftness
  3136 | D:3      | Found a white marble altar of Elyvilon.
  3270 | D:3      | Reached skill level 5 in Air Magic
  3270 | D:3      | Reached XP level 4. HP: 4/27 MP: 1/7
  3551 | D:3      | Identified the amulet of Boygiynn {Spirit rN+ Str+2}
  3645 | D:3      | Found an ancient bone altar of Kikubaaqudgha.
  3757 | D:3      | Reached XP level 5. HP: 31/31 MP: 0/9
  4287 | D:3      | Gained mutation: You have hidden genetic potential. [potion
                  | of mutation]
  4287 | D:3      | Gained mutation: One of your tentacles bears a spike.
                  | [potion of mutation]
  4334 | D:3      | Found a hide-covered altar of Uskayaw.
  5251 | D:4      | Reached XP level 6. HP: 29/36 MP: 3/10
  5314 | D:4      | Learned a level 4 spell: Airstrike
  5737 | D:4      | Reached skill level 6 in Air Magic
  5751 | D:4      | Gained mutation: You are partially covered in iridescent
                  | scales. (AC +2) [hidden potential]
  6140 | D:4      | Learned a level 2 spell: Poisonous Vapours
  6155 | D:4      | Reached XP level 7. HP: 29/41 MP: 2/12
  6438 | D:5      | Entered Level 5 of the Dungeon
  6654 | D:5      | Noticed Edmund
  6663 | D:5      | Reached skill level 1 in Poison Magic
  6668 | D:5      | Gained mutation: You are agile. (Dex +2) [hidden potential]
  6668 | D:5      | Lost mutation: You have hidden genetic potential. [hidden
                  | potential expressed]
  6855 | D:5      | Killed Edmund
  6856 | D:5      | Reached skill level 7 in Air Magic
  7221 | D:5      | Reached XP level 8. HP: 46/46 MP: 7/14
  8444 | D:5      | Reached skill level 8 in Air Magic
  8900 | D:6      | Found a snail-covered altar of Cheibriados.
  9190 | D:6      | Reached skill level 5 in Spellcasting
  9260 | D:6      | Found a bloodstained altar of Trog.
  9260 | D:6      | Noticed a manticore
  9265 | D:6      | HP: 2/46 [manticore (11)]
  9266 | D:6      | Slain by a manticore

Illustrated notes

Levels and vault maps discovered:
D:1:      roderic_crossed_star, layout_basic, minmay_fountain_box,
          minmay_ruptured
D:2:      layout_basic
D:3:      layout_loops_ring, mainiacjoe_overflow_paths,
          nicolae_elyvilon_peaceful_grove, nicolae_overflow_crystal_walls,
          kennysheep_generic_room_4
D:4:      layout_basic, serial_curves, eino_curves_04, eino_curves_03,
          grunt_ministairs_9
D:5:      layout_loops_corners, cheibrodos_sewer_entry_bend, uniq_edmund
D:6:      layout_gridville, trog_three_pillars_becter,
          mainiacjoe_overflow_boulevard, minmay_temple_entry_gardened_gates,
          nicolae_sextant, minivault_5, grunt_decor_one_mirror,
          chequers_serial_rivers_large_a, nicolae_stop_n_shop_2

Skill      XL: |  1  2  3  4  5  6  7  8 |
---------------+-------------------------+-----
Air Magic      | 4 5 6 7 8 |  8.4
Spellcasting   | 3 4 5 |  5.0
Poison Magic   | 2 4 |  4.1
Conjurations   | 2 3 |  3.6
Dodging        | |  2.0
Stealth        | |  2.6

Action                   |  1- 3 |  4- 6 |  7- 9 || total
-------------------------+-------+-------+-------++-------
Melee: Dagger            |    32 |    24 |       ||    56
       Constrict         |     9 |     9 |     3 ||    21
       Unarmed           |     2 |       |       ||     2
       Tentacles         |     7 |    12 |    16 ||    35
       Kick              |       |    14 |    17 ||    31
       Whip              |       |     2 |    63 ||    65
 Cast: Shock             |    84 |   109 |    23 ||   216
       Poisonous Vapours |       |       |     6 ||     6
       Airstrike         |       |       |    20 ||    20
  Use: Scroll            |       |     8 |     3 ||    11
       Potion            |       |     1 |     3 ||     4
 Stab: Sleeping          |     1 |       |     2 ||     3
       Distracted        |       |     1 |       ||     1
Armor: Skin              |     6 |     1 |    38 ||    45
Dodge: Dodged            |    30 |    29 |    45 ||   104
